 Dungeon Crawl Stone Soup version 0.23-a0-629-gae4348f (console) character file.

283 bli the Slasher (level 6, 0/52 HPs)
             Began as a Draconian Monk on Dec 25, 2018.
             Slain by an orc warrior
             ... wielding a +0 flail
              (11 damage)
             ... on level 3 of the Dungeon.
             The game lasted 00:08:21 (2337 turns).

bli the Slasher (Draconian Monk)                    Turns: 2337, Time: 00:08:22

Health: 0/52       AC: 11    Str: 16    XL:     6   Next: 7%
Magic:  6/6        EV: 14    Int: 10    God:
Gold:   148        SH:  0    Dex: 15    Spells: 5/5 levels left

rFire    . . .     SeeInvis .   a - +2 dagger (flame)
rCold    . . .     Gourm    .   (no shield)
rNeg     . . .     Faith    .   (armour unavailable)
rPois    .         Spirit   .   (helmet restricted)
rElec    .         Reflect  .   (no cloak)
rCorr    .         Harm     .   (no gloves)
MR       .....                  (no boots)
Stlth    ++........             (no amulet)
HPRegen  0.17/turn              j - +2 ring of strength
MPRegen  0.10/turn              g - +5 ring of protection

@: no status effects
A: unfitting armour, cold-blooded, AC +6
a: no special abilities


You were on level 3 of the Dungeon.
You were not hungry.

You visited 1 branch of the dungeon, and saw 3 of its levels.

You collected 148 gold pieces.

Inventory:

Hand Weapons
 a - a +2 dagger of flaming (weapon)
 b - a +0 falchion
Missiles
 c - 65 stones (quivered)
 o - 56 sling bullets
 y - 8 tomahawks
Armour
 w - a +0 large shield
Jewellery
 f - an uncursed ring of fire
 g - a +5 ring of protection (right hand)
 j - a +2 ring of strength (left hand)
Scrolls
 d - a scroll of random uselessness {unknown}
 e - a scroll of fear
 i - 4 scrolls of remove curse
 k - 2 scrolls of noise
 l - 2 scrolls of immolation {unknown}
 n - 2 scrolls of teleportation {unknown}
 p - 2 scrolls of identify {unknown}
 q - a scroll of enchant weapon
 t - 2 scrolls of amnesia {unknown}
 u - a scroll of blinking {unknown}
 z - a scroll of magic mapping {unknown}
Potions
 h - 3 potions of curing
 s - a potion of heal wounds
 v - a potion of magic {unknown}
 x - a potion of flight {unknown}
Comestibles
 m - 8 rations
 r - 4 chunks of flesh


   Skills:
 + Level 3.9 Fighting
 * Level 1.7(3.9) Short Blades
 + Level 5.5(5.7) Long Blades
 + Level 3.6 Dodging
 - Level 1.7 Stealth


You had 5 spell levels left.
You didn't know any spells.
Your spell library was empty.

Dungeon Overview and Level Annotations

Branches:
Dungeon (3/15)

Altars:


Innate Abilities, Weirdness & Mutations

Your plain brown scales are hard. (AC +6)
You cannot fit into any form of body armour.
You are cold-blooded and may be slowed by cold attacks.


Message History

The orc warrior is severely wounded.
The orc warrior completely misses you.
You closely miss the orc warrior.
The orc warrior is severely wounded.
The orc warrior barely misses you.
You hit the orc warrior. You burn the orc warrior.
The orc warrior is almost dead.
You barely miss the orc warrior.
The orc warrior is almost dead.
The orc warrior closely misses you.
You hit the orc warrior but do no damage.
The orc warrior is almost dead.
The orc warrior hits you with a +0 flail!!
* * * LOW HITPOINT WARNING * * *
You hit the orc warrior but do no damage.
The orc warrior is almost dead.
You closely miss the orc warrior.
The orc warrior is almost dead.
The orc warrior hits you with a +0 flail!
You die...

#.#####..................# #.
#........................# #.
..#####..#.######........###+
#..#รท# #........##..
....#.#### #........##..
#.#.##...<# #.........#..
#.#.####### #.........#.. #
#.# ####.........##'
#..(..........#.
#.######...........#.#.
#(....@oo.....######...
##.########o######## ##..
#.(........>.......# #..
#.#######............# #..
#......).............######.
########...................>
#.....[........##....
#..............#.....
#.############.#..... #.#
#.#..... #.# #.#.....


You could see an orc warrior and 2 orcs.

Vanquished Creatures
  Sigmund (D:2)
  An iguana (D:3)
  Jessica (D:2)
  2 worms
  A dart slug (D:1)
  2 orcs (D:3)
  3 bats
  6 giant cockroaches
  12 goblins
  4 hobgoblins
  13 jackals
  6 kobolds
  2 quokkas
  A ball python (D:1)
  2 frilled lizards (D:1)
  7 rats
64 creatures vanquished.

Notes
Turn   | Place    | Note
-------+----------+-------------------------------------------
     0 | D:1      | bli the Draconian Monk began the quest for the Orb.
     0 | D:1      | Reached XP level 1. HP: 19/19 MP: 1/1
    45 | D:1      | Reached XP level 2. HP: 22/26 MP: 2/2
   495 | D:1      | Reached XP level 3. HP: 31/31 MP: 3/3
   828 | D:2      | Noticed Sigmund
   862 | D:2      | Killed Sigmund
   862 | D:2      | Reached skill level 1 in Short Blades
   862 | D:2      | Reached skill level 5 in Long Blades
   862 | D:2      | Reached XP level 4. HP: 4/40 MP: 4/4
   862 | D:2      | Reached XP level 5. HP: 4/46 MP: 5/5
   866 | D:2      | HP: 1/46 [goblin (2)]
  1303 | D:2      | Noticed Jessica
  1373 | D:2      | Killed Jessica
  1876 | D:3      | Reached XP level 6. HP: 43/52 MP: 6/6
  2297 | D:3      | Noticed an orc warrior
  2337 | D:3      | Slain by an orc warrior

Vault maps used:
D:1:      zaba_arrival_water
D:2:      kennysheep_the_goblin_king, first_ration, uniq_jessica, uniq_sigmund

Skill      XL: |  1  2  3 |
---------------+----------+-----
Dodging        | 3 |  3.6
Short Blades   | 1 |  1.7
Long Blades    | 5 |  5.5
Fighting       | |  3.9
Stealth        | |  1.7

Action                   |  1- 3 |  4- 6 || total
-------------------------+-------+-------++-------
Melee: Falchion          |   133 |    21 ||   154
       Tailslap          |    24 |    20 ||    44
       Dagger            |       |   113 ||   113
       Hunting sling     |       |    17 ||    17
Throw: Stone             |    14 |     5 ||    19
  Use: Potion            |     1 |     1 ||     2
       Scroll            |       |     4 ||     4
 Stab: Sleeping          |     2 |     1 ||     3
  Eat: Chunk             |       |     5 ||     5
Armor: Skin              |    39 |    39 ||    78
Dodge: Dodged            |    84 |    95 ||   179
       Rpst.: Falchion   |    25 |     6 ||    31

Table legend:
 A = Non-vault XP
 B = Vault XP
 C = Vault XP percentage of total XP
 D = Non-vault monster count
 E = Vault monster count
 F = Vault count percentage of total count
                 A         B        C        D         E       F
            +---------+---------+-------+---------+---------+-------
      Total |     144 |     261 |  64.4 |      55 |       9 |  14.1
            +---------+---------+-------+---------+---------+-------
        D:1 |      52 |       0 |   0.0 |      29 |       0 |   0.0
        D:2 |      34 |     261 |  88.5 |      17 |       9 |  34.6
        D:3 |      58 |       0 |   0.0 |       9 |       0 |   0.0
            +---------+---------+-------+---------+---------+-------
